 Dungeon Crawl Stone Soup version 0.28.0-43-g3370ac3207 (webtiles) character file.

Game seed: 4431951724225256719

560 terff the Slasher (level 7, -7/55 HPs)
             Began as a Human Fighter on Mar 30, 2022.
             Was an Initiate of Okawaru.
             Killed by divine providence
             ... invoked by an orc priest
              (11 damage)
             ... on level 8 of the Dungeon.
             The game lasted 00:11:51 (5462 turns).

terff the Slasher (Human Fighter)                   Turns: 5462, Time: 00:11:51

Health: -7/55      AC:  9    Str: 17    XL:     7   Next: 57%
Magic:  7/7        EV:  7    Int:  8    God:    Okawaru [......]
Gold:   203        SH:  5    Dex: 14    Spells: 6/6 levels left

rFire   + . .      SeeInvis .   p - +2 falchion (vamp)
rCold   + . .      Faith    .   c - +0 buckler
rNeg    . . .      Spirit   .   e - +0 chain mail
rPois   .          Reflect  .   (no helmet)
rElec   .          Harm     .   k - scarf {rC+ rF+}
rCorr   +          Rampage  .   (no gloves)
Will    .....                   (no boots)
Stlth   ..........              (no amulet)
HPRegen 0.18/turn               j - ring of resist corrosion
MPRegen 0.10/turn               (no ring)

@: hasted, very quick
A: no striking features
a: Renounce Religion


You were on level 8 of the Dungeon.
You worshipped Okawaru.
Okawaru was noncommittal.
You visited 2 branches of the dungeon, and saw 8 of its levels.

You collected 203 gold pieces.

Inventory:

Hand Weapons
 a - a +0 long sword
 m - a +2 antimagic flail
 p - a +2 vampiric falchion (weapon)
Missiles
 q - a throwing net (quivered)
Armour
 c - a +0 buckler (worn)
 e - a +0 chain mail (worn)
 k - a scarf of resistance (worn)
 l - an orb of energy
Jewellery
 j - a ring of resist corrosion (left hand)
Wands
 t - a wand of flame (16)
Scrolls
 f - a scroll of fog
 n - 3 scrolls of amnesia
 r - a scroll of enchant weapon {unknown}
Potions
 b - 2 potions of curing
 d - 2 potions of might
 i - a potion of brilliance
 o - 2 potions of invisibility {unknown}
 s - a potion of mutation {unknown}


   Skills:
 * Level 4.7 Fighting
 + Level 5.2 Long Blades
 + Level 4.5 Armour
 + Level 1.5 Dodging
 + Level 3.5 Shields


You had 6 spell levels left.
You didn't know any spells.
Your spell library contained the following spells:

 Spells                   Type           Power      Damage    Failure   Level
 Shock                    Conj/Air       0%         1d3       100%        1
 Gell's Gravitas          Tloc           0%         N/A       100%        3
 Lesser Beckoning         Tloc           0%         N/A       100%        3
 Swiftness                Air            0%         N/A       100%        3
 Teleport Other           Tloc           0%         N/A       100%        3
 Airstrike                Air            0%         N/A       100%        4


Dungeon Overview and Level Annotations

Branches:
Dungeon (8/15)             Temple (1/1) D:4
   Lair: D:8-11

Altars:
Ashenzari
Cheibriados
Elyvilon
Kikubaaqudgha
Okawaru
Qazlal
Sif Muna
Uskayaw
Wu Jian
Xom
Zin
The Shining One

Annotations:
D:7 Prince Ribbit


Message History

The bullfrog is moderately wounded.
An orc comes into view. It is wielding a +0 dagger.
The orc priest invokes the aid of Beogh against you.
Beogh smites you!
The orc priest mumbles some strange prayers to Beogh against you.
Beogh smites you! The bullfrog hits you.
* * * LOW HITPOINT WARNING * * *
Something hits you but does no damage.
The orc priest casts a cantrip, but nothing happens.
Blink to where?
Press: ? - help, Dir - move target
As you read the scroll of blinking, it crumbles to dust.
The bullfrog closely misses you.
The bullfrog hits you but does no damage.
The orc priest casts a cantrip, but nothing happens.
There is an open door here.
You slash the bullfrog!
You feel better.
The bullfrog is heavily wounded.
The bullfrog hits you.
The bullfrog hits you but does no damage.
You hit the bullfrog.
The bullfrog is severely wounded.
You block the bullfrog's attack. The bullfrog barely misses you.
You slash the bullfrog!
You kill the bullfrog!
Okawaru accepts your kill.
A sky beast appears from thin air!
Reactivating autopickup.
You barely miss the sky beast.
The sky beast is lightly wounded.
You hear the slow hiss of an avalanche of sand nearby.
The sky beast hits you but does no damage.
The orc priest mumbles some strange prayers to Beogh against you.
Beogh smites you!
* * * LOW HITPOINT WARNING * * *
You feel yourself speed up.
The sky beast hits you but does no damage.
The orc priest calls down the wrath of Beogh upon you.
Beogh smites you!
You die...

#..(...# #..#..
#......####..##.
#............# .
#......####.####
#####.####
#..... #.....#
###### #.....# #
#.....#
####@....#
#oY'.....#
#o##....##
#ยง##....#
#.##....#
#.##....#
#o##....#
#.####### #o#


You could see a sky beast and 2 orc priests.

Vanquished Creatures
  An ogre (D:5)
  A bullfrog (D:8)
  2 hounds (D:4)
  A gnoll shaman (D:4)
  A killer bee zombie (D:8)
  14 gnolls
  6 adders
  An adder skeleton (D:4)
  5 worms
  3 dart slugs (D:3)
  7 orcs (D:3)
  5 endoplasms
  2 giant cockroaches
  5 goblins
  6 hobgoblins
  9 jackals
  9 kobolds
  3 quokkas
  6 ball pythons
  5 bats
  3 frilled lizards
  10 rats
105 creatures vanquished.

Vanquished Creatures (others)
  13 plants (D:3)
13 creatures vanquished.

Grand Total: 118 creatures vanquished

Notes
Turn   | Place    | Note
-------+----------+-------------------------------------------
     0 | D:1      | terff the Human Fighter began the quest for the Orb.
     0 | D:1      | Reached XP level 1. HP: 18/18 MP: 1/1
   467 | D:1      | Reached XP level 2. HP: 24/24 MP: 2/2
   706 | D:1      | Reached XP level 3. HP: 22/29 MP: 3/3
  1642 | D:2      | Reached XP level 4. HP: 34/35 MP: 4/4
  1673 | D:2      | Found a faded altar of an unknown god.
  2398 | D:2      | Reached skill level 3 in Long Blades
  2493 | D:3      | Reached XP level 5. HP: 42/42 MP: 5/5
  3163 | D:3      | Reached XP level 6. HP: 48/48 MP: 6/6
  3170 | D:3      | Found a broken altar of Ashenzari.
  3179 | D:3      | Reached skill level 4 in Long Blades
  3940 | D:3      | Found an ornate altar of the Wu Jian Council.
  4056 | D:3      | Found a glowing silver altar of Zin.
  4056 | D:3      | Found a white marble altar of Elyvilon.
  4057 | D:3      | Found a glowing golden altar of the Shining One.
  4297 | D:4      | Reached skill level 1 in Dodging
  4385 | D:4      | Found an ancient bone altar of Kikubaaqudgha.
  4391 | D:4      | Found a shimmering blue altar of Sif Muna.
  4642 | D:4      | Found a staircase to the Ecumenical Temple.
  4652 | D:4      | Reached XP level 7. HP: 44/55 MP: 7/7
  4668 | Temple   | Entered the Ecumenical Temple
  4687 | Temple   | Became a worshipper of Warmaster Okawaru
  4805 | D:4      | Found a stormy altar of Qazlal.
  4903 | D:5      | Entered Level 5 of the Dungeon
  4913 | D:5      | Reached skill level 5 in Long Blades
  5225 | D:5      | You fall into a shaft and drop 2 floors!
  5250 | D:7      | Noticed Prince Ribbit
  5462 | D:8      | Killed from afar by an orc priest

Illustrated notes

Levels and vault maps discovered:
D:1:      elethiomel_arrival_quiet, layout_basic
D:2:      layout_basic, basic_ecumenical_altar
D:3:      layout_rooms, good_gods_temple_1, cheibrodos_ashenzari_chains,
          mainiacjoe_overflow_six_doors_small, serial_bayou_pond_c,
          nicolae_figureground_sparkle
D:4:      layout_loops_ring, nicolae_qazlal_eye_of_the_storm,
          mainiacjoe_overflow_big_doors, temple_green
D:5:      layout_basic, fountainhead, minivault_11
D:7:      layout_loops_ring, uniq_menkaure, uniq_crazy_yiuf_cottage,
          uniq_prince_ribbit1
D:8:      layout_basic, chequers_ossuary_entry_cave, hangedman_decor_slide_cut
Temple:   hc_temple_tempest_star

Skill      XL: |  1  2  3  4  5  6  7 |
---------------+----------------------+-----
Long Blades    | 3 4 5 |  5.2
Fighting       | 4 |  4.7
Armour         | 4 |  4.5
Dodging        | 1 |  1.5
Shields        | |  3.5

Action                   |  1- 3 |  4- 6 |  7- 9 || total
-------------------------+-------+-------+-------++-------
Melee: Long sword        |   114 |   155 |       ||   269
       Falchion          |       |    67 |    37 ||   104
  Use: Scroll            |     4 |     5 |     1 ||    10
       Potion            |       |       |     1 ||     1
Armor: Chain mail        |    85 |   116 |    19 ||   220
Dodge: Dodged            |    33 |    67 |    13 ||   113
Block: Buckler           |    26 |    56 |     6 ||    88
